Map: Aura mortal EE

Players

MrFercho - Winner!

  • Race: Zerg Zerg
  • League: Gold
  • Spawn Location: 5:00

Rampage

  • Race: Terran Terran
  • League: Platinum
  • Spawn Location: 11:00

VOD

Have the link to the VOD?

Description

Time

  • Played on: July 21, 2020, 8:14 p.m.
  • Length: 17:36
Show
View Real Time Build Order
Export as new Build Order

MrFercho Zerg - Winner!

Build Orders: Hatch First 

Get SALT Encoding   

  12  0:02  Drone  
  13  0:13  Overlord  
  13  0:17  Drone  
  14  0:32  Drone x2  
  16  0:50  Hatchery  
  16  0:53  Drone  
  16  0:56  Drone  
  17  1:00  Drone  
  18  1:08  Extractor  
  17  1:17  Spawning Pool  
  16  1:19  Drone  
  16  1:22  Drone  
  18  1:29  Drone  
  19  1:40  Overlord  
  19  1:51  Drone  
  20  2:06  Queen x2  
  20  2:08  Zergling x4  
  25  2:13  Drone  
  27  2:16  Metabolic Boost  
  27  2:17  Drone  
  27  2:22  Drone  
  29  2:27  Drone  
  30  2:34  Drone  
  32  2:37  Drone  
  32  2:45  Drone  
  33  3:15  Overlord x3  
  33  3:25  Roach Warren  
  32  3:28  Evolution Chamber  
  32  3:29  Overlord  
  31  3:34  Queen  
  33  3:45  Drone  
  33  3:46  Drone x7  
  41  3:58  Zerg Melee Weapons Level 1  
  41  4:04  Spine Crawler  
  41  4:06  Roach  
  41  4:07  Spine Crawler, Roach x5  
  51  4:14  Overlord  
  51  4:15  Overlord  
  49  4:38  Zergling x18  
  58  5:01  Baneling Nest, Drone x4  
  58  5:02  Drone x2  
  63  5:08  Lair  
  63  5:13  Queen  
  65  5:17  Extractor  
  65  5:21  Extractor  
  63  5:35  Roach x2  
  67  5:37  Overlord x3  
  67  5:47  Baneling x2  
  67  5:48  Baneling x2  
  67  5:51  Zergling x2  
  67  5:53  Overlord x3  
  68  5:59  Zergling x4  
  70  6:26  Drone x8  
  70  6:27  Drone  
  78  6:33  Centrifical Hooks  
  76  7:00  Drone x2  
  77  7:16  Hatchery  
  77  7:17  Zerg Missile Weapons Level 1  
  77  7:20  Hatchery  
  75  7:24  Hydralisk Den  
  75  7:27  Drone x6  
  80  7:39  Extractor, Hatchery  
  78  7:55  Muscular Augments  
  78  8:03  Lurker Den  
  77  8:06  Drone  
  77  8:07  Drone x2  
  80  8:14  Spore Crawler  
  80  8:15  Spine Crawler  
  80  8:16  Drone x2  
  80  8:17  Spine Crawler  
  79  8:37  Glial Reconstitution  
  79  8:42  Hydralisk x2  
  79  8:43  Hydralisk x7  
  79  8:45  Zergling x4  
  99  8:57  Evolution Chamber  
  98  9:04  Spore Crawler  
  98  9:06  Overseer, Grooved Spines  
  97  9:21  Infestation Pit  
  97  9:24  Zerg Missile Weapons Level 2  
  96  9:26  Zerg Melee Weapons Level 2  
  96  9:41  Drone x18  
  96  9:42  Drone x4  
  118  9:47  Extractor, Queen  
  118  9:48  Extractor  
  118  10:33  Hatchery  
  118  10:35  Spore Crawler  
  116  10:42  Spine Crawler  
  115  10:45  Spine Crawler  
  114  11:05  Drone x11  
  114  11:06  Drone x3  
  114  11:08  Overlord x7  
  114  11:09  Overlord x2  
  128  11:15  Extractor  
  128  11:17  Hive  
  127  11:21  Spire  
  126  11:30  Hatchery  
  125  11:36  Extractor  
  124  12:05  Hydralisk x6  
  124  12:06  Hydralisk x15  
  166  12:27  Spore Crawler  
  165  12:30  Adaptive Talons  
  165  12:32  Spine Crawler  
  165  12:33  Greater Spire, Spine Crawler  
  165  12:36  Drone x3  
  166  12:47  Drone x3  
  166  12:48  Drone x2  
  166  12:49  Drone x5  
  166  12:50  Drone  
  177  13:00  Zergling x16  
  177  13:01  Zergling x26  
  177  13:04  Lurker x2  
  200  13:08  Hatchery  
  199  13:20  Hatchery  
  198  13:28  Seismic Spines  
  168  14:25  Zergling x42  
  168  14:26  Zergling x18  
  169  14:34  Zerg Ground Armor Level 1  
  169  14:35  Zerg Missile Weapons Level 3  
  123  14:50  Baneling x17  
  123  14:51  Baneling x6  
  123  14:52  Hydralisk x2  
  119  14:53  Hydralisk x12  
  147  15:47  Spore Crawler x2  
  145  15:50  Spine Crawler  
  145  15:52  Drone x3  
  145  15:53  Spine Crawler  
  146  16:00  Hydralisk  
  146  16:01  Hydralisk x25  
  146  16:02  Hydralisk  
  200  17:15  Extractor x2  
Show
View Real Time Build Order
Export as new Build Order

Rampage Terran 

Build Orders:  

Get SALT Encoding   

  12  0:01  SCV  
  13  0:13  SCV  
  14  0:18  Supply Depot  
  14  0:26  SCV  
  15  0:29  Refinery  
  15  0:40  SCV  
  16  0:46  Barracks  
  16  0:52  SCV  
  17  1:04  SCV  
  17  1:07  Barracks  
  18  1:16  SCV  
  19  1:22  Supply Depot  
  19  1:28  SCV  
  20  1:36  Factory  
  20  1:49  Refinery  
  20  1:54  Barracks Reactor  
  20  2:04  Marine  
  20  2:07  SCV  
  22  2:19  SCV  
  23  2:25  Marine  
  24  2:31  SCV  
  25  2:42  Marine  
  25  2:44  Hellion x2  
  29  2:45  Marine  
  29  2:49  Supply Depot  
  30  2:51  Supply Depot  
  30  3:00  Marine  
  31  3:11  Hellion x2, Marine  
  36  3:18  Marine  
  37  3:31  Barracks Tech Lab  
  41  3:50  Widow Mine x2  
  41  3:51  Concussive Shells  
  41  3:52  Marauder, Marine  
  44  3:56  Supply Depot  
  44  3:57  Orbital Command  
  43  4:40  Marauder  
  43  4:41  Stimpack  
  46  4:56  Factory Tech Lab  
  45  5:02  Engineering Bay  
  45  5:08  Command Center  
  45  5:13  Marine x2  
  49  5:14  Marauder  
  49  5:17  Supply Depot, SCV  
  50  5:28  Siege Tank  
  53  5:29  SCV  
  54  5:40  Supply Depot  
  54  5:41  SCV  
  56  5:53  SCV  
  56  5:56  Starport  
  56  5:58  Terran Infantry Weapons Level 1  
  56  6:17  SCV  
  57  6:19  Marauder, Marine x2  
  57  6:23  Orbital Command  
  57  6:25  Barracks  
  61  6:29  SCV  
  58  6:58  Siege Tank  
  58  6:59  Marine x2  
  58  7:00  Marauder  
  58  7:01  Starport Reactor  
  61  7:06  Orbital Command  
  61  7:23  Infernal Pre-Igniter  
  61  7:27  Barracks Tech Lab  
  61  7:33  Factory  
  61  7:36  SCV  
  62  7:42  Marine x2  
  62  7:43  Marauder, Combat Shield  
  66  7:49  SCV  
  66  7:50  Medivac x2  
  71  7:55  Supply Depot  
  71  8:09  SCV  
  71  8:10  SCV  
  75  8:12  Marauder  
  75  8:13  Marine  
  75  8:14  Marauder, Marine  
  75  8:18  Factory Tech Lab  
  79  8:21  SCV  
  79  8:23  SCV  
  79  8:26  Medivac x2  
  85  8:31  Supply Depot  
  85  8:33  Supply Depot, SCV  
  86  8:42  Refinery  
  86  8:43  Terran Infantry Armor Level 1  
  86  8:45  SCV  
  86  8:47  Marauder x2, Marine x2  
  93  9:08  Marauder  
  93  9:09  Marauder  
  97  9:18  Medivac x2  
  97  9:20  Siege Tank  
  97  9:22  Siege Tank  
  107  9:36  Armory  
  107  9:39  Marine  
  107  9:40  Marauder  
  110  9:50  Supply Depot, Refinery  
  110  10:07  Marine  
  110  10:08  Marine, SCV  
  110  10:09  Marauder  
  97  10:20  SCV  
  98  10:25  Marine  
  99  10:32  Siege Tank  
  99  10:33  Siege Tank  
  107  10:36  Marauder x2, Marine  
  107  10:38  Engineering Bay  
  110  10:43  Marine  
  111  10:57  Terran Vehicle Weapons Level 1  
  111  10:58  Terran Infantry Weapons Level 2  
  111  11:00  Marine  
  111  11:01  Marauder, Marine  
  111  11:02  Marauder  
  117  11:08  Supply Depot  
  117  11:10  Supply Depot  
  117  11:13  Supply Depot  
  117  11:18  Marine  
  118  11:29  Marine x3  
  121  11:33  SCV  
  122  11:45  Medivac x2, Marine, SCV  
  128  11:47  Supply Depot, Marine x3  
  128  11:50  Command Center  
  131  11:54  Terran Infantry Armor Level 2  
  131  12:04  Marine x2  
  133  12:15  Marine x2  
  134  12:22  Marine x2  
  137  12:33  Marine  
  138  12:38  Missile Turret  
  138  12:40  Marine x2  
  140  12:55  Supply Depot  
  140  12:58  Supply Depot, Marine x2  
  140  12:59  Marine x2  
  140  13:04  Planetary Fortress  
  144  13:09  Terran Vehicle And Ship Armor Level 1  
  144  13:16  Marine x3  
  144  13:17  Marine  
  148  13:34  Marine x4  
  152  13:51  Marine  
  152  13:52  Marine x3  
  132  14:09  Marine  
  127  14:10  Marine x2  
  127  14:11  Marauder  
  127  14:14  SCV  
  132  14:27  Marine x2  
  132  14:28  Marine  
  126  14:32  Marauder  
  111  14:45  Marine x2  
  109  14:53  Marauder  
  111  15:02  Command Center  
  111  15:03  Marauder  
  101  15:40  Marauder, Marine x2  
  101  15:41  Marauder  
  107  15:58  Marine x2  
  107  16:02  Marauder x2  
  113  16:15  Marine  
  113  16:16  Marine, Planetary Fortress  
  115  16:19  Refinery  
  115  16:23  Marauder x2  
  119  16:33  Marine x2  
  119  16:34  Starport Reactor  
  121  16:45  Marauder x2  
Tags
 
Matchup
TvZ
Replay Pack
MrFercho
Spawn Locations
Cross Positions
Add a new tag
Caveats
  • Supply blocks, unpowered buildings, or Contaminate may cause inaccurate times.
  • Supply counts are checked every 10 seconds.